 Dungeon Crawl Stone Soup version 0.27-a0-1501-g9d6fb14e67 (webtiles) character file.

Game seed: 8992010747927234436

994 Lekart the Slasher (level 7, -4/54 HPs)
             Began as a Grey Draconian Chaos Knight on July 7, 2021.
             Was a Plaything of Xom.
             Slain by a gnoll sergeant (8 damage)
             ... on level 5 of the Dungeon.
             The game lasted 00:07:43 (5821 turns).

Lekart the Slasher (Grey Draconian Chaos Knight)    Turns: 5821, Time: 00:07:43

Health: -4/54      AC: 12    Str: 17    XL:     7   Next: 99%
Magic:  12/12      EV: 13    Int: 10    God:    Xom [.*....]
Gold:   193        SH:  0    Dex: 12    Spells: 12/12 levels left

rFire    + . .     SeeInvis .   r - +9 long sword of Revolt {vorpal, rElec rF+ rCorr Str+2}
rCold    . . .     Faith    .   (no shield)
rNeg     . . .     Spirit   .   (armour unavailable)
rPois    .         Reflect  .   (helmet restricted)
rElec    +         Harm     .   h - +0 cloak
rCorr    +         Rampage  .   (no gloves)
Will     .....                  (no boots)
Stlth    +.........             (no amulet)
HPRegen  0.18/turn              (no ring)
MPRegen  0.13/turn              (no ring)

@: slowed, very slow
A: AC +11, amphibious, unfitting armour, cold-blooded, dopey 1, frail 1,
mutation resistance 1
a: Renounce Religion


You were on level 5 of the Dungeon.
You worshipped Xom.
You were a plaything of Xom.
You visited 2 branches of the dungeon, and saw 6 of its levels.

You collected 193 gold pieces.

Inventory:

Hand Weapons
 a - a +0 falchion of chaos
 r - the +9 long sword of Revolt (weapon) {vorpal, rElec rF+ rCorr Str+2}
   (You found it on level 5 of the Dungeon)

   It inflicts extra damage upon your enemies.
   Str:       It affects your strength (+2).
   rF:        It protects you from fire.
   rElec:     It insulates you from electricity.
   rCorr:     It protects you from acid and corrosion.
Missiles
 f - a throwing net (quivered)
Armour
 h - a +0 cloak (worn)
Jewellery
 g - a +6 ring of intelligence
 j - an amulet of magic regeneration
Wands
 k - a wand of paralysis (7)
Scrolls
 b - a scroll of enchant armour {unknown}
 e - 7 scrolls of teleportation
 m - a scroll of holy word
 n - a scroll of amnesia {unknown}
 p - a scroll of magic mapping {unknown}
Potions
 c - 2 potions of brilliance
 d - a potion of berserk rage
 i - 2 potions of attraction
 o - a potion of heal wounds {unknown}
 q - 2 potions of magic {unknown}


   Skills:
 + Level 5.1 Fighting
 + Level 5.6 Long Blades
 + Level 3.9 Staves
 + Level 4.0 Dodging
 * Level 3.3 Spellcasting


You had 12 spell levels left.
You didn't know any spells.
Your spell library contained the following spells:

 Spells                   Type           Power      Damage    Failure   Level
 Poisonous Vapours        Pois/Air       2%         N/A       38%         2
 Conjure Flame            Conj/Fire      1%         6-21      63%         3
 Ignite Poison            Fire/Tmut/Pois 1%         N/A       63%         3
 Mephitic Cloud           Conj/Pois/Air  1%         N/A       63%         3
 Sticky Flame             Conj/Fire      1%         2d3       95%         4
 Freezing Cloud           Conj/Ice/Air   0%         6-21      100%        5


Dungeon Overview and Level Annotations

Branches:
Dungeon (5/15)             Temple (1/1) D:4

Altars:
Ashenzari
Cheibriados
Dithmenos
Elyvilon
Fedhas
Gozag
Hepliaklqana
Kikubaaqudgha
Nemelex Xobeh
Okawaru
Qazlal
Ru
Sif Muna
Trog
Xom
Yredelemnul
Zin

Shops:
D:4 *


Innate Abilities, Weirdness & Mutations

Your dull iron-grey scales are very hard. (AC +11)
You are amphibious.
You cannot fit into any form of body armour.
You are cold-blooded and may be slowed by cold attacks.
You are dopey. (Int -2)
You are frail. (-10% HP)
You are somewhat resistant to further mutation.


Message History

You kill the orc!
The orc barely misses you.
You riposte.
You closely miss the orc.
Your tail-slap misses the orc.
The orc barely misses you.
You riposte.
You hit the orc.
The orc is almost dead.
There is an open door here.
Xom titters.
The gnoll looks rather confused. x2; The orc looks rather confused.
The orc laughs at nothing.
The orc shouts, "What's happening?!"
You feel a bit more experienced.
The gnoll barely misses the orc.
The orc says, "I'm a little confused."
Something hits the gnoll sergeant.
There is an open door here.
There is a huge open gate here.
Things that are here:
a +0 dagger; a +0 robe; a +0 hand axe You see here a +0 short sword. "Let's try an experiment, hmmm?"
You do an impromptu tapdance.
You are now a plaything of Xom.
You start resting.
A gnoll sergeant is nearby!
The gnoll sergeant hits you with a +2 spear of freezing!
* * * LOW HITPOINT WARNING * * *
You feel yourself slow down. The gnoll sergeant freezes you.
* * * LOW HITPOINT WARNING * * *
You hit the gnoll sergeant but do no damage.
The gnoll sergeant is lightly wounded.
The gnoll sergeant hits you but does no damage. x2
You hit the gnoll sergeant but do no damage.
The gnoll sergeant is lightly wounded.
You feel yourself speed up.
The gnoll sergeant hits you with a +2 spear of freezing.
* * * LOW HITPOINT WARNING * * *
You feel yourself slow down. The gnoll sergeant freezes you.
* * * LOW HITPOINT WARNING * * *
The gnoll sergeant hits you from afar with a +2 spear of freezing!
You die...
Xom guffaws!

.... #..# #..# #..# #..#
###############..#############
...........#.#....#...##.##..
..####.......#.#.................
................@.....#...##.###.
.............))..................
.......###.#)#g###....#..........
.............#)###........######.
..####.....)..........#..#######.
...........))....................
..........................P.....#
≈≈≈≈≈....≈≈≈≈≈≈≈≈≈≈≈≈≈≈≈≈≈≈≈....#
≈≈≈≈≈....≈≈≈≈≈≈≈≈≈≈≈≈≈≈≈≈≈≈≈....#


You could see a gnoll sergeant.

Vanquished Creatures
  Eustachio (D:4)
  A tengu (D:4)
  An ogre (D:5)
  A scorpion (D:5)
  Crazy Yiuf (D:3)
  2 hounds
  A bullfrog skeleton (D:3)
  A jelly (D:4)
  2 orc wizards (D:5)
  2 iguanas (D:5)
  A hound zombie (D:5)
  14 gnolls
  6 adders
  2 river rats (D:3)
  A shadow imp (D:5)
  An adder skeleton (D:4)
  3 worms
  4 dart slugs (D:1)
  21 orcs
  6 ball pythons
  10 endoplasms
  5 giant cockroaches
  6 goblins
  11 hobgoblins
  7 jackals
  2 quokkas
  2 bats
  A frilled lizard (D:1)
  6 kobolds
  7 rats
129 creatures vanquished.

Vanquished Creatures (others)
  4 plants (D:5)
4 creatures vanquished.

Grand Total: 133 creatures vanquished

Notes
Turn   | Place    | Note
-------+----------+-------------------------------------------
     0 | D:1      | Lekart the Draconian Chaos Knight began the quest for the
                  | Orb.
     0 | D:1      | Reached XP level 1. HP: 19/19 MP: 1/1
    16 | D:1      | XOM: potion effect (berserk rage)
    24 | D:1      | Reached XP level 2. HP: 26/26 MP: 2/2
    51 | D:1      | XOM: divination: magic mapping
   134 | D:1      | XOM: potion effect (brilliance)
   153 | D:1      | Reached XP level 3. HP: 33/33 MP: 3/3
   217 | D:1      | XOM: silly message
   381 | D:1      | Found a faded altar of an unknown god.
   486 | D:1      | XOM: divination: detect creatures
   553 | D:1      | XOM: summons 1 hostile shadow creature
  1140 | D:2      | Reached XP level 4. HP: 35/40 MP: 5/5
  1220 | D:2      | Reached skill level 1 in Spellcasting
  1729 | D:2      | Gained mutation: You are dopey. (Int -2) [potion of
                  | mutation]
  1729 | D:2      | Gained mutation: You have a somewhat thin skeletal
                  | structure. (Dex +2, Stealth+) [potion of mutation]
  1894 | D:3      | XOM: give mutations
  1894 | D:3      | Gained mutation: You are weak. (Str -2) [Xom's mischief]
  1894 | D:3      | Gained mutation: You are frail. (-10% HP) [Xom's mischief]
  2184 | D:3      | Reached XP level 5. HP: 26/41 MP: 5/7
  2267 | D:3      | XOM: give mutations
  2267 | D:3      | Gained mutation: You are very frail. (-20% HP) [Xom's
                  | mischief]
  2267 | D:3      | Lost mutation: You are weak. (Str -2) [Xom's mischief]
  2267 | D:3      | Lost mutation: You are very frail. (-20% HP) [Xom's
                  | mischief]
  2342 | D:3      | XOM: chaos upgrade
  2604 | D:2      | XOM: give mutations
  2604 | D:2      | Gained mutation: You are very frail. (-20% HP) [Xom's
                  | mischief]
  2604 | D:2      | Gained mutation: You are somewhat resistant to further
                  | mutation. [Xom's mischief]
  2604 | D:2      | Lost mutation: You are very frail. (-20% HP) [Xom's
                  | mischief]
  2604 | D:2      | Lost mutation: You have a somewhat thin skeletal structure.
                  | (Dex +2, Stealth+) [Xom's mischief]
  2694 | D:3      | Found a runed translucent door.
  2695 | D:3      | Noticed Crazy Yiuf
  2794 | D:3      | Found a stormy altar of Qazlal.
  2803 | D:3      | Found a sparkling altar of Nemelex Xobeh.
  2814 | D:3      | XOM: noise
  2928 | D:3      | XOM: divination: detect creatures
  2986 | D:3      | XOM: confuse monster(s)
  3183 | D:3      | Killed Crazy Yiuf
  3184 | D:3      | Reached skill level 5 in Long Blades
  3238 | D:4      | Found a sacrificial altar of Ru.
  3251 | D:4      | XOM: divination: detect creatures
  3376 | D:4      | Reached XP level 6. HP: 41/47 MP: 8/8
  3442 | D:4      | Found Ewuaxope's Gadget Gallery.
  3445 | D:4      | Noticed Pikel
  3450 | D:4      | XOM: enchant monster (good)
  3452 | D:4      | Noticed Pikel
  3452 | D:4      | Pikel changed into Pikel the tengu
  3458 | D:4      | Killed Pikel the tengu
  3459 | D:4      | Reached skill level 1 in Staves
  3613 | D:4      | Noticed Eustachio
  3630 | D:4      | Killed Eustachio
  3631 | D:4      | Your scales start taking on a dull iron-grey colour.
  3631 | D:4      | Reached XP level 7. HP: 13/54 MP: 10/10
  3987 | D:4      | Found a staircase to the Ecumenical Temple.
  4336 | Temple   | Entered the Ecumenical Temple
  4848 | D:5      | Entered Level 5 of the Dungeon
  5044 | D:5      | XOM: cast spell 'Statue Form'
  5047 | D:5      | Reached skill level 5 in Fighting
  5182 | D:5      | XOM: 8-stop teleportation journey
  5644 | D:5      | Identified the +9 long sword of Revolt {vorpal, rElec rF+
                  | rCorr Str+2}
  5763 | D:5      | XOM: noise
  5791 | D:5      | XOM: confuse monster(s)
  5814 | D:5      | XOM: silly message
  5821 | D:5      | Slain by a gnoll sergeant

Illustrated notes

Levels and vault maps discovered:
D:1:      giann_horns, layout_basic,
          dreamdust_ecumenical_altar_angels_and_demons
D:2:      minmay_general_purpose_star, layout_basic
D:3:      layout_rooms, gammafunk_temple_overflow_wave, gup_sewer_entry_bubbles,
          kennysheep_generic_room_3, uniq_crazy_yiuf_cottage
D:4:      layout_basic, kennysheep_mini, minmay_temple_entry_enclosed_plants,
          nicolae_shop_gadgets, uniq_pikel, uniq_eustachio
D:5:      lemuel_castle_with_subvaults [lemuel_castle_interior_carwin_1],
          layout_basic, tso_oasis_becter, nicolae_sextant
Temple:   eino_temple_water

Skill      XL: |  1  2  3  4  5  6  7 |
---------------+----------------------+-----
Fighting       | 4 5 |  5.1
Spellcasting   | 1 2 3 |  3.3
Long Blades    | 4 5 |  5.6
Dodging        | 3 4 |  4.0
Staves         | 2 3 |  3.9

Action                   |  1- 3 |  4- 6 |  7- 9 || total
-------------------------+-------+-------+-------++-------
Melee: Falchion          |    93 |   107 |       ||   200
       Tailslap          |    11 |    17 |    12 ||    40
       Quarterstaff      |       |    45 |    83 ||   128
       Long sword        |       |       |    22 ||    22
Evoke: Wand              |       |     2 |       ||     2
  Use: Scroll            |       |     7 |     1 ||     8
       Potion            |       |     3 |       ||     3
 Stab: Confused          |     2 |       |       ||     2
       Sleeping          |       |     1 |       ||     1
       Paralysed         |       |     7 |       ||     7
Armor: Skin              |    31 |    52 |    70 ||   153
Dodge: Dodged            |    74 |   100 |   110 ||   284
       Rpst.: Falchion   |    23 |    23 |       ||    46
       Long sword        |       |       |     6 ||     6

Table legend: (Time is in decaauts)
 A = Elapsed time spent in this place.
 B = Non-inter-level travel time spent in this place.
 C = Inter-level travel time spent in this place.
 D = Time resting spent in this place.
 E = Time spent auto-exploring this place.
 F = Levels seen in this place.
 G = Mean time per level.
                   A        B        C        D        E       F      G
               +--------+--------+--------+--------+--------+-----+--------+
         Total |   5934 |   5800 |    134 |   1112 |   3696 |   6 |  989.0 |
       Dungeon |   5436 |   5329 |    107 |   1112 |   3225 |   5 | 1087.2 |
        Temple |    498 |    471 |     27 |      0 |    471 |   1 |  498.0 |
               +--------+--------+--------+--------+--------+-----+--------+

Top non-repeatable levels by time:
     D:3: 1248 daAuts
     D:2: 1151 daAuts
     D:4: 1147 daAuts
     D:5: 999 daAuts
     D:1: 889 daAuts
  Temple: 498 daAuts
